Map: Paladino Terminal LE

Players

Flame - Winner!

  • Race: Zerg Zerg
  • League: Diamond
  • Spawn Location: 5:00

Musumeci

  • Race: Zerg Zerg
  • League: Diamond
  • Spawn Location: 9:00

VOD

Have the link to the VOD?

Description

Time

  • Played on: March 15, 2017, 5:48 a.m.
  • Length: 6:11
Show
View Real Time Build Order
Export as new Build Order

Flame Zerg - Winner!

Build Orders: Pool Only, Zergling Baneling 

Get SALT Encoding   

  12  0:00  Drone  
  13  0:11  Extractor  
  13  0:12  Drone  
  13  0:30  Spawning Pool  
  13  0:35  Drone  
  13  0:39  Drone  
  14  0:48  Drone, Extractor  
  15  0:57  Overlord  
  15  1:16  Metabolic Boost  
  15  1:18  Zergling x4  
  17  1:21  Zergling x2  
  18  1:29  Zergling x2  
  19  1:37  Queen  
  21  1:47  Baneling Nest  
  21  1:50  Zergling x2  
  21  2:01  Overlord  
  21  2:05  Zergling x2  
  21  2:38  Zergling x6  
  21  2:41  Baneling x2  
  20  2:52  Zergling x6  
  23  3:00  Zergling x2  
  24  3:10  Zergling x2  
  25  3:25  Zergling x2  
  25  3:26  Zergling x6  
  26  3:30  Baneling x2  
  25  3:38  Zergling x2  
  26  3:43  Zergling x2  
  27  3:54  Zergling x2  
  22  4:13  Zergling x6  
  22  4:14  Zergling x2  
  22  4:15  Baneling  
  22  4:16  Baneling x4  
  22  4:17  Baneling x2  
  25  4:21  Zergling x2  
  26  4:35  Zergling x2  
  27  4:44  Zergling x2  
  26  4:46  Baneling  
  26  4:51  Zergling x6  
  22  5:05  Zergling x2  
  22  5:17  Zergling x2  
  22  5:18  Baneling, Zergling x6  
  22  5:19  Baneling x3  
  26  5:27  Zergling x2  
  26  5:38  Zergling x2  
  26  5:49  Zergling x2  
  26  5:50  Zergling x4  
  26  5:51  Baneling x3  
  26  5:52  Baneling  
  26  5:53  Zergling x2  
Show
View Real Time Build Order
Export as new Build Order

Musumeci Zerg 

Build Orders: Pool First 

Get SALT Encoding   

  12  0:01  Drone  
  13  0:08  Drone  
  14  0:25  Drone, Extractor  
  15  0:33  Spawning Pool  
  14  0:40  Extractor  
  13  0:45  Drone, Extractor  
  13  0:46  Drone  
  15  1:11  Hatchery  
  14  1:20  Overlord  
  14  1:38  Queen  
  16  1:45  Zergling x2  
  16  1:48  Zergling x2  
  17  1:59  Metabolic Boost  
  17  2:03  Zergling x2  
  18  2:14  Zergling x4  
  20  2:57  Baneling Nest  
  20  2:58  Zergling x4  
  21  3:10  Zergling x4  
  23  3:22  Drone x2  
  23  3:39  Zergling x6  
  26  3:55  Baneling x2  
  24  3:56  Baneling  
  22  4:14  Drone x2  
  20  4:29  Zergling x4  
  20  4:46  Zergling x4  
  19  5:02  Drone  
  19  5:03  Drone x2  
  17  5:17  Baneling  
  17  5:27  Baneling x2  
  17  5:29  Drone  
  10  5:53  Drone x3  
  10  5:56  Baneling  
Tags
 
Add a new tag
Caveats
  • Supply blocks, unpowered buildings, or Contaminate may cause inaccurate times.
  • Supply counts are checked every 10 seconds.